 Dungeon Crawl Stone Soup version 0.26-a0-466-g989023bd0d (webtiles) character file.

Game seed: 5242508202688426248

1178 mortelune the Slasher (level 8, 0/65 HPs)
             Began as a Formicid Abyssal Knight on Aug 9, 2020.
             Was a Believer of Lugonu.
             Slain by Maggie
             ... wielding a +2 war axe of flaming
              (4 damage)
             ... on level 6 of the Dungeon.
             The game lasted 00:12:27 (6222 turns).

mortelune the Slasher (Formicid Abyssal Knight)     Turns: 6222, Time: 00:12:28

Health: 0/65       AC: 12    Str: 18    XL:     8   Next: 69%
Magic:  9/9        EV:  7    Int: 13    God:    Lugonu [**....]
Gold:   339        SH:  0    Dex: 10    Spells: 7/7 levels left

rFire    . . .     SeeInvis +   a - +2 falchion
rCold    . . .     Faith    .   (no shield)
rNeg     . . .     Spirit   .   m - +1 chain mail
rPois    .         Reflect  .   (helmet unavailable)
rElec    .         Harm     .   (no cloak)
rCorr    .                      (no gloves)
MR       .....                  (no boots)
Stlth    ..........             (no amulet)
HPRegen  0.00/turn              (no ring)
MPRegen  0.11/turn              (no ring)

@: mesmerised
A: permanent stasis, dig shafts and tunnels, four strong arms, antennae 3,
molten scales 1, blurry vision 1, sense surroundings 1, inhibited regeneration
a: Dig, Shaft Self, Depart the Abyss, Bend Space, Renounce Religion


You were on level 6 of the Dungeon.
You worshipped Lugonu.
Lugonu was pleased with you.
You visited 1 branch of the dungeon, and saw 6 of its levels.
You visited the Abyss 1 time.

You collected 359 gold pieces.
You spent 20 gold pieces at shops.

Inventory:

Hand Weapons
 a - a +2 falchion (weapon)
 v - a +2 battleaxe of freezing
Armour
 b - a +0 leather armour
 h - a +0 ring mail
 m - a +1 chain mail (worn)
Jewellery
 s - a cursed ring of teleportation
 w - the ring of Sloth {Wiz rF+, unknown}
   (You found it on level 5 of the Dungeon)

   [ring of wizardry]

   It improves your spell success rate.
   It protects you from fire.
Wands
 d - a wand of disintegration (14)
 j - a wand of flame (16)
 q - a wand of acid (14)
Scrolls
 c - 4 scrolls of enchant weapon
 g - 2 scrolls of random uselessness
 i - 6 scrolls of identify
 l - 2 scrolls of noise {unknown}
 o - a scroll of enchant armour
 p - 3 scrolls of remove curse
 t - 2 scrolls of teleportation
 x - a scroll of magic mapping {unknown}
 y - a scroll of holy word {unknown}
Potions
 e - a potion of stabbing
 f - 3 potions of heal wounds
 k - 2 potions of degeneration
 n - 2 potions of resistance
 r - a potion of brilliance
 u - a potion of ambrosia {unknown}
 z - a potion of flight {unknown}
 A - a potion of berserk rage {unknown}


   Skills:
 + Level 6.3 Fighting
 * Level 7.3 Long Blades
 + Level 5.4 Armour
 - Level 0.8 Dodging
 - Level 2.1 Invocations


You had 7 spell levels left.
You didn't know any spells.
Your spell library contained the following spells:

 Spells                   Type           Power        Failure   Level
 Sublimation of Blood     Necr           #.........   99%         2
 Portal Projectile        Hex/Tloc       #.....       100%        3
 Iskenderun's Mystic Bla  Conj/Tloc      #.......     100%        4


Dungeon Overview and Level Annotations

Branches:
Dungeon (6/15)             Temple (0/1) D:4

Altars:
Cheibriados
Fedhas
Nemelex Xobeh
Qazlal
Xom

Shops:
D:4 ?

Annotations:
D:6 Maggie


Innate Abilities, Weirdness & Mutations

You cannot be hasted, slowed, berserked, paralysed or teleported.
You can dig through walls and to a lower floor.
Your four strong arms can wield two-handed weapons with a shield.
You have a pair of large antennae on your head. (SInv)
You are partially covered in molten scales. (AC +2)
Scrolls take you a little longer to read.
You passively map a small area around you.
You do not regenerate when monsters are visible.


Message History

Maggie hits you but does no damage.
You hit Maggie but do no damage.
The worker ant zombie bites you but does no damage.
You hit Maggie.
Maggie is lightly wounded.
Maggie zaps a wand.
You are blasted!
The worker ant zombie barely misses you.
You slash Maggie!
Maggie is moderately wounded.
Maggie zaps a wand.
You are blasted!
* * * LOW HITPOINT WARNING * * *
You barely miss Maggie.
Maggie is moderately wounded.
The worker ant zombie barely misses you.
You riposte.
You hit the worker ant zombie.
The worker ant zombie is lightly damaged.
Maggie hits you with a +2 war axe of flaming!
* * * LOW HITPOINT WARNING * * *
Maggie burns you.
You die...

#####)..##
###..## #......##
##..## #.....##
##..# #....## ##
##.. ##..## *##.#
##. #..# #....#*
## #..##
*......## # #...#
.......######
#..@#*
*#.......##..
#...Z@#
*#..........
**#......#
#........# *
*.........#
##......##
,...####.....#
#......# .##
##.....#*#.<..>.#
* ......###.....#
.....## #.....#
##...##


You could see Maggie (mesmerising) and a worker ant zombie.

Vanquished Creatures
  Eustachio (D:4)
  An ice beast (D:5)
  A phantom (D:6)
  A sky beast (D:5)
  An ogre (D:5)
  Blork the orc (D:4)
  A water moccasin skeleton (D:4)
  2 howler monkeys
  A bullfrog zombie (D:5)
  An orc priest (D:5)
  3 orc wizards
  A bullfrog skeleton (D:5)
  3 iguanas
  Natasha (twice) (D:2)
  A worker ant (D:5)
  A worker ant zombie (D:6)
  5 adders
  A shadow imp (D:5)
  3 oozes
  An adder skeleton (D:4)
  An adder zombie (D:5)
  A dart slug (D:1)
  5 leopard geckos
  10 orcs
  6 bats
  5 giant cockroaches
  4 goblins (D:1)
  4 hobgoblins
  6 jackals
  5 quokkas
  3 frilled lizards
  A jackal zombie (D:6)
  9 kobolds
  5 rats
97 creatures vanquished.

Vanquished Creatures (others)
  5 dream sheep (D:3)
5 creatures vanquished.

Grand Total: 102 creatures vanquished

Notes
Turn   | Place    | Note
-------+----------+-------------------------------------------
     0 | Abyss:1  | mortelune the Formicid Abyssal Knight began the quest for
                  | the Orb.
     0 | Abyss:1  | Reached XP level 1. HP: 18/18 MP: 2/2
    90 | Abyss:1  | Found a corrupted altar of Lugonu.
   152 | Abyss:1  | Noticed a worldbinder
   153 | D:1      | Escaped the Abyss
   320 | D:1      | Reached * piety under Lugonu
   320 | D:1      | Reached XP level 2. HP: 19/24 MP: 3/3
   887 | D:1      | Reached XP level 3. HP: 24/30 MP: 4/4
   897 | D:1      | Reached skill level 3 in Long Blades
  1547 | D:2      | Reached XP level 4. HP: 36/37 MP: 5/5
  1830 | D:2      | Found a blossoming altar of Fedhas.
  1949 | D:2      | Noticed Natasha
  1956 | D:2      | Killed Natasha
  1956 | D:2      | Reached XP level 5. HP: 28/42 MP: 6/6
  2193 | D:2      | Noticed Natasha
  2203 | D:2      | Killed Natasha
  2203 | D:2      | Reached skill level 4 in Long Blades
  2445 | D:3      | Reached ** piety under Lugonu
  2718 | D:3      | Noticed a dream sheep
  2718 | D:3      | Noticed a dream sheep
  2718 | D:3      | Noticed a dream sheep
  2718 | D:3      | Noticed a dream sheep
  2718 | D:3      | Noticed a dream sheep
  2718 | D:3      | Found a shimmering altar of Xom.
  2722 | D:3      | Killed a dream sheep
  2724 | D:3      | Killed a dream sheep
  2724 | D:3      | Killed a dream sheep
  2724 | D:3      | Killed a dream sheep
  2725 | D:3      | Killed a dream sheep
  3202 | D:4      | Reached XP level 6. HP: 39/49 MP: 7/7
  3864 | D:4      | Found Cupou's Magic Scroll Shop.
  3867 | D:4      | Bought a scroll of identify for 20 gold pieces
  3893 | D:4      | Found a staircase to the Ecumenical Temple.
  3969 | D:4      | Noticed Eustachio
  4023 | D:4      | Killed Eustachio
  4023 | D:4      | Reached skill level 5 in Fighting
  4023 | D:4      | Reached skill level 5 in Long Blades
  4023 | D:4      | Reached XP level 7. HP: 42/56 MP: 8/8
  4368 | D:4      | Noticed Blork the orc
  4385 | D:4      | Killed Blork the orc
  4643 | D:5      | Entered Level 5 of the Dungeon
  4659 | D:5      | Got a transparent silver ring
  4788 | D:5      | Reached skill level 6 in Long Blades
  4862 | D:5      | Reached XP level 8. HP: 54/64 MP: 9/9
  5431 | D:5      | Reached skill level 5 in Armour
  5490 | D:5      | Found a stormy altar of Qazlal.
  5491 | D:5      | Found a snail-covered altar of Cheibriados.
  5649 | D:5      | Found a sparkling altar of Nemelex Xobeh.
  5717 | D:5      | Reached skill level 7 in Long Blades
  5718 | D:5      | Gained mutation: Your mind is acute. (Int +2) [potion of
                  | mutation]
  5718 | D:5      | Gained mutation: You are agile. (Dex +2) [potion of
                  | mutation]
  5719 | D:5      | Lost mutation: You are agile. (Dex +2) [potion of mutation]
  5719 | D:5      | Lost mutation: Your mind is acute. (Int +2) [potion of
                  | mutation]
  5719 | D:5      | Gained mutation: Armour fits poorly on your strangely
                  | shaped body. [potion of mutation]
  5719 | D:5      | Gained mutation: You do not regenerate when monsters are
                  | visible. [potion of mutation]
  5719 | D:5      | Gained mutation: You are partially covered in molten
                  | scales. (AC +2) [potion of mutation]
  5720 | D:5      | Lost mutation: Armour fits poorly on your strangely shaped
                  | body. [potion of mutation]
  5720 | D:5      | Gained mutation: Scrolls take you a little longer to read.
                  | [potion of mutation]
  5720 | D:5      | Gained mutation: You passively map a small area around you.
                  | [potion of mutation]
  6126 | D:6      | Identified the Tome of Dislocation and Unholy Magic
  6213 | D:6      | Noticed Maggie
  6222 | D:6      | Slain by Maggie

Illustrated notes

Levels and vault maps discovered:
D:1:      onia_arrival_pyramid, layout_basic
D:2:      layout_basic, fedhas_altar_2, uniq_natasha
D:3:      layout_basic, kb_xom_exploding_sheep
D:4:      layout_basic, minmay_temple_entry_junction, serial_shops,
          nicolae_shop_window_shopping, uniq_eustachio, uniq_blork_the_orc
D:5:      lemuel_ice_spiral_2, layout_basic, gammafunk_temple_overflow_wave,
          nemelex_diamond_rough_becter
D:6:      layout_layer_cave, minmay_fractal_squares_5, uniq_maggie,
          uniq_prince_ribbit1, uniq_menkaure

Skill      XL: |  1  2  3  4  5  6  7  8 |
---------------+-------------------------+-----
Long Blades    | 3 4 5 6 7 |  7.3
Fighting       | 4 5 6 |  6.3
Armour         | 3 4 5 |  5.4
Dodging        | |  0.8
Invocations    | |  2.1

Action                   |  1- 3 |  4- 6 |  7- 9 || total
-------------------------+-------+-------+-------++-------
Melee: Falchion          |    97 |   168 |   204 ||   469
Invok: Depart the Abyss  |     1 |       |       ||     1
 Abil: Dig               |       |     1 |       ||     1
  Use: Scroll            |       |    12 |       ||    12
       Potion            |       |       |     3 ||     3
Armor: Leather armour    |    13 |       |       ||    13
       Ring mail         |    30 |    21 |       ||    51
       Chain mail        |       |    77 |    97 ||   174
Dodge: Dodged            |    79 |    71 |    81 ||   231
       Rpst.: Falchion   |    25 |    24 |    33 ||    82

Table legend: (Time is in decaauts)
 A = Elapsed time spent in this place.
 B = Non-inter-level travel time spent in this place.
 C = Inter-level travel time spent in this place.
 D = Time resting spent in this place.
 E = Time spent auto-exploring this place.
 F = Levels seen in this place.
 G = Mean time per level.
                   A        B        C        D        E       F      G
               +--------+--------+--------+--------+--------+-----+--------+
         Total |   6253 |   6096 |    157 |   1856 |   3102 |   7 |  893.3 |
       Dungeon |   6100 |   5943 |    157 |   1856 |   2950 |   6 | 1016.7 |
         Abyss |    153 |    153 |      0 |      0 |    152 |   1 |  153.0 |
               +--------+--------+--------+--------+--------+-----+--------+

Top non-repeatable levels by time:
     D:5: 1312 daAuts
     D:1: 1228 daAuts
     D:4: 1221 daAuts
     D:3: 1213 daAuts
     D:2: 896 daAuts
     D:6: 228 daAuts
 Abyss:1: 153 daAuts
